 Dungeon Crawl Stone Soup version 0.22-a0-252-gcace5d2 (webtiles) character file.

433 Amnesiac the Ducker (level 6, -3/32 HPs)
             Began as a Spriggan Fighter on Mar 1, 2018.
             Killed by divine providence
             ... invoked by an orc priest
              (13 damage)
             ... on level 3 of the Dungeon.
             The game lasted 00:04:11 (2666 turns).

Amnesiac the Ducker (Spriggan Fighter)              Turns: 2666, Time: 00:04:11

Health: -3/32      AC:  2    Str: 14    XL:     6   Next: 67%
Magic:  7/7        EV: 22    Int:  9    God:
Gold:   82         SH:  6    Dex: 16    Spells: 5/5 levels left

rFire    + . .     SeeInvis +   a - +0 long sword (drain)
rCold    + . .     Gourm    .   c - +0 buckler
rNeg     + . .     Faith    .   b - +0 robe
rPois    .         Spirit   .   (helmet restricted)
rElec    .         Reflect  .   h - scarf {rC+ rF+}
rCorr    .         Harm     .   (gloves unavailable)
MR       +....                  (boots unavailable)
Stlth    +.........             (no amulet)
HPRegen  0.10/turn              k - ring of wizardry
MPRegen  0.10/turn              l - ring of positive energy

@: very quick
A: very small, unfitting armour, see invisible, herbivore, speed 3, slow
metabolism 2
a: no special abilities


You were on level 3 of the Dungeon.
You were not hungry.

You visited 1 branch of the dungeon, and saw 4 of its levels.
You also visited: Sewer.

You collected 82 gold pieces.

Inventory:

Hand Weapons
 a - a +0 long sword of draining (weapon)
 p - a +0 long sword
Missiles
 g - 73 stones (quivered)
Armour
 b - a +0 robe (worn)
 c - a +0 buckler (worn)
 h - a scarf of resistance (worn)
Jewellery
 k - a ring of wizardry (left hand)
 l - a ring of positive energy (right hand)
 q - a +2 ring of evasion {unknown}
Scrolls
 e - 7 scrolls of identify {!r}
 i - 2 scrolls of immolation {!r}
 j - a scroll of teleportation {!r, unknown}
 m - a scroll of magic mapping {!r, unknown}
 n - a scroll of remove curse {!r}
 o - a scroll of fear {!r, unknown}
 r - a scroll of random uselessness {!r, unknown}
Potions
 d - a potion of might {!q}
Comestibles
 f - 3 rations


   Skills:
 - Level 2.4 Fighting
 * Level 5.0 Long Blades
 + Level 7.2 Dodging
 - Level 2.1 Shields


You had 5 spell levels left.
You didn't know any spells.

Dungeon Overview and Level Annotations

Branches:
Dungeon (4/15)
 Temple: D:4-7

Altars:

Annotations:
D:4 Sigmund


Innate Abilities, Weirdness & Mutations

You are very small and have problems with some larger weapons.
You are too small for most types of armour.
You have supernaturally acute eyesight. (SInv)
You are a herbivore.
You cover ground extremely quickly.
You need consume almost no food.


Message History

Moving in this stuff is going to be slow.
You enter the shallow water.
Moving in this stuff is going to be slow.
You see here a rat skeleton.
You enter the shallow water.
Moving in this stuff is going to be slow.
Key pressed, stopping explore.
You enter the shallow water.
Moving in this stuff is going to be slow.
You now have 82 gold pieces (gained 7).
An orc comes into view. It is wielding a war axe.
The orc shouts!
The orc throws a silver tomahawk.
The silver tomahawk misses you.
You see here a silver tomahawk.
An orc is nearby!
The orc throws a silver tomahawk.
The silver tomahawk closely misses you.
An orc comes into view.
You catch the helpless leopard gecko completely off-guard!
You hit the leopard gecko. You drain the leopard gecko!
The leopard gecko is heavily wounded.
The orc shouts!
You hear a shout! x2; The orc wizard shouts!
You hear a howl!
The leopard gecko closely misses you.
The orc throws a stone.
The stone closely misses you. The orc wizard casts a spell at you.
The magic dart hits you! The orc completely misses you.
You hear a shout! x2
An orc comes into view. It is wielding a hand axe.
You hit the leopard gecko.
You kill the leopard gecko!
The orc throws a stone.
The stone closely misses you.
The orc wizard gestures wildly while chanting.
The orc wizard seems to speed up.
The orc closely misses you.
You riposte.
Your shield prevents you from hitting the orc.
Unknown command.
You barely miss the orc.
The orc throws a stone.
The stone misses you.
You hit the orc but do no damage. You drain the orc!
The orc is heavily wounded.
The orc throws a stone.
The stone hits you but does no damage.
You hit the orc wizard.
The orc wizard is lightly wounded.
The orc wizard completely misses you. The orc wizard hits you with a dagger.
You block the orc's attack.
You see here 2 silver tomahawks.
The orc wizard gestures at you while chanting.
The magic dart hits you! The orc wizard casts a spell at you.
The magic dart hits you!
* * * LOW HITPOINT WARNING * * *
The orc wizard gestures at you while chanting.
The magic dart hits you!
* * * LOW HITPOINT WARNING * * *
The orc wizard casts a spell.
The orc wizard blinks!
There is a stone staircase leading up here.
Your library has no spells.
You climb upwards.
An orc priest comes into view. It is wielding a war axe.
Found a club.
Found a stone staircase leading up.
There is a stone staircase leading down here.
The orc priest shouts!
You hear an angry hiss.
Found 6 gold pieces.
The orc priest mumbles some strange prayers to Beogh against you.
Beogh smites you!
You die...

#.... .....###
..$......#####
.......... #...
......... #....
.........#.....
.........#.....
..########..............
.......@................
.....<..................
..#####...>.............
#.....#..##. #.)..##
.... ......# ..#
##o..... #.....##
#...###


You could see an orc priest.

Vanquished Creatures
  3 bullfrogs
  A howler monkey (D:4)
  A hound (D:4)
  An iguana (D:4)
  A worker ant (D:4)
  3 adders
  2 river rats (D:4)
  2 oozes
  A worm (D:4)
  9 leopard geckos
  4 orcs
  8 giant cockroaches (Sewer)
  2 goblins
  7 hobgoblins
  3 jackals (D:3)
  A quokka (D:4)
  2 ball pythons
  3 bats (D:1)
  5 frilled lizards
  A jackal skeleton (D:4)
  3 kobolds
  7 rats
70 creatures vanquished.

Notes
Turn   | Place    | Note
-------+----------+-------------------------------------------
     0 | D:1      | Amnesiac the Spriggan Fighter began the quest for the Orb.
     0 | D:1      | Reached XP level 1. HP: 11/11 MP: 2/2
   184 | D:1      | Reached XP level 2. HP: 16/16 MP: 3/3
   826 | D:3      | Reached skill level 5 in Dodging
   836 | D:3      | Reached XP level 3. HP: 19/19 MP: 4/4
  1296 | D:4      | Noticed a bullfrog
  1376 | D:4      | Reached XP level 4. HP: 19/23 MP: 5/5
  1468 | D:4      | Killed a bullfrog
  1468 | D:4      | Reached skill level 6 in Dodging
  1468 | D:4      | Reached XP level 5. HP: 16/27 MP: 6/6
  1804 | D:4      | Noticed Sigmund
  1916 | D:4      | Reached XP level 6. HP: 13/32 MP: 7/7
  1928 | D:4      | Found a glowing drain.
  1932 | Sewer    | Entered a sewer
  2248 | Sewer    | Reached skill level 7 in Dodging
  2255 | Sewer    | Reached skill level 5 in Long Blades
  2666 | D:3      | Killed from afar by an orc priest

Vault maps used:
D:1:      dpeg_arrival_simpleton_c, serial_glass, glass_columns_c,
          glass_columns_a, glass_columns_a, glass_columns_a, kennysheep_boxes
D:2:      first_ration, minmay_misc_feat_secret_circle, serial_bayou_ford_a,
          uniq_terence
D:4:      lemuel_coloured_pillars_altar, gup_sewer_entry_spiral,
          kennysheep_another_room, uniq_duvessa, uniq_sigmund
Sewer:    sewer_frog_island_01

Skill      XL: |  1  2  3  4  5  6 |
---------------+-------------------+-----
Long Blades    | 2 3 4 5 |  5.0
Dodging        | 5 6 7 |  7.2
Fighting       | |  2.4
Shields        | |  2.1

Action                   |  1- 3 |  4- 6 || total
-------------------------+-------+-------++-------
Melee: Long sword        |    93 |    90 ||   183
  Use: Potion            |     3 |     2 ||     5
       Scroll            |       |     2 ||     2
 Stab: Sleeping          |     2 |     1 ||     3
       Distracted        |       |     1 ||     1
Armor: Robe              |    10 |     7 ||    17
       Skin              |     4 |       ||     4
Dodge: Dodged            |    84 |    98 ||   182
Block: Buckler           |    44 |    38 ||    82
       Rpst.: Long sword |    28 |    30 ||    58

Table legend:
 A = Spawn XP
 B = Non-spawn XP
 C = Spawn XP percentage of total XP
 D = Spawn monster count
 E = Non-spawn monster count
 F = Spawn count percentage of total count
 G = Total turns spent on level
                    A         B        C        D         E        F      G
               +---------+---------+-------+---------+---------+-------+---------
         Total |       0 |     619 |   0.0 |       0 |      70 |   0.0 |  2666
               +---------+---------+-------+---------+---------+-------+---------
           D:1 |       0 |      27 |   0.0 |       0 |      16 |   0.0 |   801
           D:2 |       0 |       6 |   0.0 |       0 |       3 |   0.0 |   210
           D:3 |       0 |      33 |   0.0 |       0 |      13 |   0.0 |   281
           D:4 |       0 |     328 |   0.0 |       0 |      18 |   0.0 |   750
         Sewer |       0 |     225 |   0.0 |       0 |      20 |   0.0 |   624
               +---------+---------+-------+---------+---------+-------+---------
